 Dungeon Crawl Stone Soup version 0.29-a0-322-g68df515428 (webtiles) character file.

Game seed: 14486285578451649346

3271 Dabor the Skirmisher (level 10, -8/64 HPs)
             Began as a Gargoyle Gladiator on Apr 8, 2022.
             Mangled by an orc warlord
             ... wielding a +0 war axe
              (21 damage)
             ... in a bailey.
             The game lasted 00:09:51 (6317 turns).

Dabor the Skirmisher (Gargoyle Gladiator)           Turns: 6317, Time: 00:09:51

Health: -8/64      AC: 31    Str: 31    XL:     10   Next: 0%
Magic:  10/10      EV: 10    Int:  9    God:
Gold:   406        SH:  0    Dex: 11    Spells: 9/9 levels left

rFire   + . .      SeeInvis .   z - +6 flail
rCold   . . .      Faith    .   (no shield)
rNeg    + . .      Spirit   .   B - +2 plate armour {rPois}
rPois   ∞          Reflect  .   c - +1 helmet
rElec   +          Harm     .   m - +0 cloak
rCorr   .          Rampage  .   a - +2 pair of gloves {Str+3}
Will    .....                   (no boots)
Stlth   ..........              (no amulet)
HPRegen 0.20/turn               v - +6 ring of strength
MPRegen 0.12/turn               (no ring)

@: mighty, invisible, unable to read
A: sickness immunity, AC +7, negative energy resistance 1, electricity
resistance, torment resistance 1, petrification resistance, iridescent scales 1,
fire resistance 1, wild magic 1, inability to read while threatened
a: no special abilities


You were in a bailey.
You visited 1 branch of the dungeon, and saw 7 of its levels.
You also visited: Bailey.

You collected 406 gold pieces.

Inventory:

Hand Weapons
 o - the +7 Throatcutter {drain, coup de grace}
   (You took it off Terence on level 2 of the Dungeon)

   A truly terrible weapon, it drains the life of any living foe it strikes.
   It may instantly kill foes which have little health.
 z - a +6 flail (weapon)
Missiles
 d - 3 throwing nets
 h - a javelin
 i - 4 atropa-tipped darts
 s - 20 boomerangs (quivered)
 C - a poisoned dart
Armour
 a - a +2 pair of gloves of strength (worn)
 c - a +1 helmet (worn)
 m - a +0 cloak (worn)
 p - a +3 chain mail of cold resistance
 B - a +2 plate armour of poison resistance (worn)
Jewellery
 v - a +6 ring of strength (left hand)
Wands
 b - a wand of polymorph (9)
 t - a wand of flame (40)
 A - a wand of mindburst (11)
Scrolls
 f - 2 scrolls of torment
 j - 2 scrolls of teleportation
 k - 2 scrolls of holy word
 l - 2 scrolls of amnesia
 q - a scroll of summoning {unknown}
 w - a scroll of noise
Potions
 g - a potion of invisibility
 r - a potion of lignification
 u - a potion of haste {unknown}
 D - a potion of brilliance {unknown}


   Skills:
 + Level 7.7 Fighting
 + Level 5.7 Maces & Flails
 * Level 3.0 Throwing
 + Level 7.3 Armour
 + Level 6.2 Dodging
 - Level 5.0 Stealth


You had 9 spell levels left.
You didn't know any spells.
Your spell library contained the following spells:

 Spells                   Type           Power      Damage    Failure   Level
 Beastly Appendage        Tmut           0%         N/A       98%         1
 Wereblood                Tmut           0%         N/A       99%         2
 Ignite Poison            Fire/Tmut/Pois 0%         N/A       100%        3
 Mephitic Cloud           Conj/Pois/Air  0%         N/A       100%        3
 Spider Form              Tmut/Pois      0%         N/A       100%        3
 Stone Arrow              Conj/Erth      0%         3d7       100%        3
 Animate Armour           Summ/Erth      0%         N/A       100%        4
 Olgreb's Toxic Radiance  Pois           0%         N/A       100%        4
 Fireball                 Conj/Fire      0%         3d3       100%        5
 Freezing Cloud           Conj/Ice/Air   0%         6-21      100%        5
 Iskenderun's Battlesphe  Conj           0%         2d6       100%        5
 Conjure Ball Lightning   Conj/Air       0%         3x3d6     100%        6
 Orb of Destruction       Conj           0%         9d5       100%        7
 Ozocubu's Refrigeration  Ice            0%         4d5       100%        7
 Ignition                 Fire           0%         3d3       100%        8
 Lehudib's Crystal Spear  Conj/Erth      0%         10d2      100%        8


Dungeon Overview and Level Annotations

Branches:
Dungeon (7/15)             Temple (0/1) D:7          Bailey (1/1)

Altars:
Dithmenos
Xom
The Shining One


Innate Abilities, Weirdness & Mutations

You are immune to sickness and miasma.
Your stone body is resilient. (AC +7)
You are immune to poison.
You resist negative energy. (rN+)
You are resistant to electric shocks. (rElec)
You are resistant to unholy torment.
You are immune to petrification.
You are partially covered in iridescent scales. (AC +2)
Your flesh is heat resistant. (rF+)
Your spells are a little harder to cast, but a little more powerful.
You sometimes lose the ability to read scrolls when taking damage.


Message History

Your body is wracked with pain!
The orc warlord convulses!
The goblin convulses!
The orc warlord hits you with a +0 war axe.
Aiming: Corrosive Bolt
Press: ? - help, Shift-Dir - straight line, f - goblin
Aim: a goblin, wielding a +0 hand axe and wearing a +0 leather armour (moderately wounded, can't see you, 64% to hit)
The bolt of acid hits the orc warlord!
The orc warlord is heavily wounded.
The bolt of acid hits the goblin!
The acid corrodes the goblin!
You kill the goblin!
You hear a splash. x2
The orc warlord hits you with a +0 war axe.
Aiming: Mindburst
Press: ? - help, Shift-Dir - straight line, f - orc warlord
Aim: an orc warlord, wielding a +0 war axe and wearing a +0 scale mail (heavily wounded, can't see you, chance to affect: 29%)
Okay, then.
Aiming: Corrosive Bolt
Press: ? - help, Shift-Dir - straight line, f - orc warlord
Aim: an orc warlord, wielding a +0 war axe and wearing a +0 scale mail (heavily wounded, can't see you, 75% to hit)
The bolt of acid hits the orc warlord!
The acid corrodes the orc warlord!
The orc warlord is severely wounded.
The now-empty wand crumbles to dust.
The orc warlord hits you with a +0 war axe!!
You feel threatened and lose the ability to read scrolls!
Okay, then.
You bludgeon the orc warlord!!
The orc warlord is severely wounded.
The orc warlord hits you with a +0 war axe!
* * * LOW HITPOINT WARNING * * *
Okay, then.
You cannot read scrolls in your current state!
Aiming: Throw Flame
Press: ? - help, Shift-Dir - straight line, f/p - orc warlord
Aim: an orc warlord, wielding a +0 war axe and wearing a +0 scale mail (severely wounded, can't see you, covered in acid, 72% to hit)
Okay, then.
Unknown command.
You sock the orc warlord!
The orc warlord is almost dead.
The orc warlord hits you with a +0 war axe!!
You die...

..##≈≈≈# ≈≈####......##
..#≈).....≈#≈≈#.....##
..#≈!........≈#....##
..##8.8...8.8≈##...#
...#.........≈≈'...#
...#....∩....≈≈'...#
...#.........≈)'.))#
..##8.8...8.8≈##o..#
..#≈!........≈#.@..##
..#≈[... .≈#≈≈#.....##
..##≈≈≈# ####......##
...#########......8...#
8..))'[..).').........#
...).#)≈)≈≈#..........#
.....#≈≈≈≈≈#...8..8..##
8...##≈≈≈≈≈##.......##
...##.......##.....##


You could see an orc warlord (can't see you, corroded).

Vanquished Creatures
  Grinder (D:3)
  Menkaure (D:5)
  A water moccasin (D:6)
  7 orc warriors
  2 black bears
  A sky beast (D:4)
  3 ogres
  2 centaurs
  3 phantoms
  A bullfrog (D:6)
  A necrophage (D:5)
  4 scorpions
  4 wights (D:7)
  A howler monkey (D:4)
  5 hounds
  4 jellies
  An orc priest (D:5)
  Jessica (D:2)
  Ijyb (D:4)
  Terence (D:2)
  An iguana (D:4)
  An orc wizard (D:6)
  Robin (D:3)
  6 adders
  4 gnolls (D:4)
  3 ufetubi
  3 worms
  2 dart slugs (D:1)
  9 orcs
  11 ball pythons
  6 endoplasms
  3 giant cockroaches (D:1)
  21 goblins
  9 hobgoblins
  18 jackals
  6 quokkas
  8 bats
  2 frilled lizards (D:1)
  14 kobolds
  8 rats
181 creatures vanquished.

Notes
Turn   | Place    | Note
-------+----------+-------------------------------------------
     0 | D:1      | Dabor the Gargoyle Gladiator began the quest for the Orb.
     0 | D:1      | Reached XP level 1. HP: 12/12 MP: 1/1
    64 | D:1      | Reached XP level 2. HP: 18/18 MP: 2/2
   434 | D:1      | Reached skill level 1 in Armour
   625 | D:1      | Found a faded altar of an unknown god.
   648 | D:1      | Reached XP level 3. HP: 21/22 MP: 3/3
  1358 | D:2      | Noticed Terence
  1368 | D:2      | Killed Terence
  1369 | D:2      | Reached XP level 4. HP: 28/28 MP: 4/4
  1482 | D:2      | Noticed Jessica
  1483 | D:2      | Noticed a scorpion
  1486 | D:2      | Killed Jessica
  1492 | D:2      | Reached XP level 5. HP: 28/32 MP: 5/5
  1494 | D:2      | Gained mutation: Your spells are a little harder to cast,
                  | but a little more powerful. [potion of mutation]
  1494 | D:2      | Gained mutation: You sometimes lose the ability to read
                  | scrolls when taking damage. [potion of mutation]
  1494 | D:2      | Gained mutation: You are partially covered in iridescent
                  | scales. (AC +2) [potion of mutation]
  1494 | D:2      | Gained mutation: Your flesh is heat resistant. (rF+)
                  | [potion of mutation]
  2105 | D:3      | Noticed Robin
  2111 | D:3      | Killed Robin
  2482 | D:3      | You fall into a shaft and drop 2 floors!
  2482 | D:5      | Entered Level 5 of the Dungeon
  2485 | D:5      | Reached XP level 6. HP: 38/38 MP: 6/6
  2640 | D:4      | Noticed a sky beast
  2655 | D:4      | Killed a sky beast
  2656 | D:4      | Reached XP level 7. HP: 21/44 MP: 7/7
  2908 | D:4      | Found a shadowy altar of Dithmenos.
  3185 | D:4      | Noticed Ijyb
  3193 | D:4      | Killed Ijyb
  3232 | D:4      | Reached skill level 5 in Maces & Flails
  3299 | D:4      | Identified a scroll of acquirement
  3301 | D:4      | Acquired a +2 pair of gloves of strength
  3557 | D:3      | Noticed Grinder
  3560 | D:3      | Paralysed by Grinder for 7 turns
  3567 | D:3      | Killed Grinder
  3568 | D:3      | Reached skill level 5 in Fighting
  3568 | D:3      | Reached XP level 8. HP: 46/49 MP: 8/8
  3839 | D:5      | Noticed Menkaure
  3842 | D:5      | Killed Menkaure
  3843 | D:5      | Reached skill level 1 in Stealth
  4124 | D:5      | Reached skill level 5 in Armour
  4439 | D:5      | Found a shimmering altar of Xom.
  4505 | D:5      | Reached skill level 5 in Dodging
  4859 | D:6      | Reached XP level 9. HP: 44/56 MP: 9/9
  5431 | D:6      | Found a glowing golden altar of the Shining One.
  5601 | D:6      | Reached skill level 5 in Stealth
  5826 | D:7      | Found a flagged portal.
  5838 | Bailey   | Entered a bailey
  5871 | Bailey   | Noticed an orc warlord
  6184 | Bailey   | Found a runed translucent gate.
  6184 | Bailey   | Found a runed translucent gate.
  6203 | Bailey   | Found a runed translucent gate.
  6221 | Bailey   | Reached XP level 10. HP: 64/64 MP: 10/10
  6317 | Bailey   | Mangled by an orc warlord

Illustrated notes

Levels and vault maps discovered:
D:1:      lightli_arrival_farm, layout_loops_corners,
          shapermc_ecumenical_altar_mp_highgroup, serial_park_tiny_2,
          minmay_unequal
D:2:      layout_basic, kennysheep_generic_room_9, uniq_terence, uniq_jessica
D:3:      layout_basic, hex_intersection, uniq_grinder, uniq_robin
D:4:      layout_basic, nicolae_dithmenos_shadow_blocks,
          kennysheep_generic_room_16, uniq_ijyb
D:5:      layout_basic, kennysheep_mini_moat, dreamdust_mushroom_princess,
          uniq_menkaure
D:6:      minmay_skewed_foursquare, layout_basic, nicolae_tso_carved_into_rock,
          bh_walls_and_bars
D:7:      minmay_the_grid_triangle_9x9_recursive_2
          [minmay_the_grid_triangle_9x9_prize_schism,
          minmay_the_grid_triangle_9x9_longest,
          minmay_the_grid_triangle_9x9_negative_grid,
          minmay_the_grid_triangle_9x9_warning], layout_loops_ring, temple_hall,
          enter_bailey_2
Bailey:   bailey_axe_bossmonster_kennysheep, bailey

Skill      XL: |  1  2  3  4  5  6  7  8  9 |
---------------+----------------------------+-----
Armour         | 1 2 3 4 5 7 |  7.3
Fighting       | 3 4 5 6 7 |  7.7
Dodging        | 3 4 5 6 |  6.2
Maces & Flails | 4 5 |  5.7
Stealth        | 3 5 |  5.0
Throwing       | 3 |  3.0

Action                   |  1- 3 |  4- 6 |  7- 9 | 10-12 || total
-------------------------+-------+-------+-------+-------++-------
Melee: Flail             |   100 |       |    71 |    10 ||   181
       Punch             |     1 |     1 |     1 |       ||     3
       Mace              |     6 |       |       |       ||     6
       Long sword        |       |    79 |   136 |       ||   215
Throw: Javelin           |     1 |       |     2 |       ||     3
       Throwing net      |     1 |       |     1 |       ||     2
       Boomerang         |       |       |    14 |       ||    14
       Dart              |       |       |     4 |       ||     4
Evoke: Wand              |       |       |     2 |     2 ||     4
  Use: Scroll            |       |     4 |     6 |     4 ||    14
       Potion            |       |     1 |     2 |     3 ||     6
 Stab: Held in net/web   |     1 |       |       |       ||     1
Armor: Leather armour    |    15 |       |       |       ||    15
       Chain mail        |    52 |    51 |    65 |       ||   168
       Plate armour      |       |       |    86 |     4 ||    90
       Skin              |       |       |    19 |       ||    19
Dodge: Dodged            |    58 |    48 |   132 |     2 ||   240

Table legend: (Time is in decaauts)
 A = Elapsed time spent in this place.
 B = Non-inter-level travel time spent in this place.
 C = Inter-level travel time spent in this place.
 D = Time resting spent in this place.
 E = Time spent auto-exploring this place.
 F = Levels seen in this place.
 G = Mean time per level.
                   A        B        C        D        E       F      G
               +--------+--------+--------+--------+--------+-----+--------+
         Total |   6460 |   6109 |    351 |    493 |   4252 |   8 |  807.5 |
       Dungeon |   5968 |   5617 |    351 |    335 |   4172 |   7 |  852.6 |
        Bailey |    491 |    491 |      0 |    158 |     79 |   1 |  491.0 |
               +--------+--------+--------+--------+--------+-----+--------+

Top non-repeatable levels by time:
     D:1: 1389 daAuts
     D:5: 1170 daAuts
     D:3: 993 daAuts
     D:6: 869 daAuts
     D:4: 746 daAuts
     D:2: 647 daAuts
  Bailey: 491 daAuts
     D:7: 150 daAuts
